Cogmind - Beta 13 @@@ ROGUE MODE // 2024.05.20 @ 20:38:58 Player: GayPredator Result: Self-destructed Performance ------------- Evolutions (1) 500 Regions Visited (3) 600 Robots Destroyed (16) 80 Value Destroyed (414) 414 Prototype IDs (2) 40 Alien Tech Used (0) 0 Bonus (66) 66 TOTAL SCORE: 1700 Bonus ------- Follower Combat Kills 86 Friendly Fire -20 Cogmind --------- Core Integrity 363/400 Matter 249/300 Energy 125/125 System Corruption 0% Temperature Cool (0) Movement Hovering (56) Location -9/Materials Parts ------- > --- POWER (1) -------- Light Ion Engine > --- PROPULSION (3) --- Hover Unit Hover Unit > --- UTILITY (3) ------ Small Storage Unit Weight Redist. System Seismic Detector > --- WEAPON (2) ------- Medium Laser Mini Grenade Launcher > --- INVENTORY (8) ---- Light Treads Cooling System Medium Storage Unit Structural Scanner Propulsion Shielding Light Cannon Rocket Launcher Peak State ------------ > --- POWER ------------ Light Ion Engine > --- PROPULSION ------- Hover Unit Hover Unit Hover Unit > --- UTILITY ---------- Medium Storage Unit Structural Scanner Seismic Detector > --- WEAPON ----------- Medium Laser Particle Gun > --- INVENTORY -------- Ion Engine Light Treads Light Treads Improved Heat Sink Small Storage Unit Improved Terrain Scanner Assault Rifle Rocket Launcher [Rating: 11] Favorites ----------- Power Ion Engine Engine Ion Engine Propulsion Hover Unit Treads Light Treads Wheel Compact Wheel Hover Unit Hover Unit Utility Seismic Detector Device Seismic Detector Storage Medium Storage Unit Weapon Medium Laser Energy Gun Medium Laser Ballistic Gun Assault Rifle Launcher Mini Grenade Launcher Build | -11 -10 -10 -9 ------- Run | Yrd Mat Min Mat Slots Evolved 2 | . . . 2 Power . | . . . . Propulsion 1 | . . . 1 Utility 1 | . . . 1 Weapon . | . . . . Parts Attached 26 | 7 6 3 10 Power 5 | 1 1 1 2 Engine 5 | 1 1 1 2 Core . | . . . . Reactor . | . . . . Propulsion 7 | 2 3 . 2 Treads 2 | 2 . . . Leg . | . . . . Wheel 1 | . 1 . . Hover 4 | . 2 . 2 Flight . | . . . . Utility 8 | 2 2 1 3 Device 5 | 1 1 1 2 Storage 3 | 1 1 . 1 Processor . | . . . . Hackware . | . . . . Protection . | . . . . Artifact . | . . . . Weapon 6 | 2 . 1 3 Energy Gun 4 | 2 . 1 1 Energy Cannon . | . . . . Ballistic Gun 1 | . . . 1 Ballistic Cannon . | . . . . Launcher 1 | . . . 1 Special Weapon . | . . . . Impact Weapon . | . . . . Slashing Weapon . | . . . . Piercing Weapon . | . . . . Special Melee Weapon . | . . . . Unidentified Prototypes . | . . . . Parts Lost 3 | . 1 . 2 Power 2 | . 1 . 1 Propulsion 1 | . . . 1 Utility . | . . . . Weapon . | . . . . Highest Loss Streak 2 | . 1 . 2 To Critical Strikes . | . . . . Average Slot Usage (%) 96 | . 99 100 87 Engine 13 | . 14 14 10 Treads 3 | . 10 . . Hover 22 | . 17 28 22 Device 15 | . 13 14 22 Storage 13 | . 14 14 11 Energy Gun 25 | . 28 28 17 Naked Turns . | . . . . Heaviest Build 20 | 15 20 20 17 Greatest Support 40 | 40 40 12 18 Greatest Overweight (x) 1 | . 1 1 1 Average Overweight (x) . | . . 1 . Largest Inventory Capacity 10 | 8 10 10 10 Average Capacity 8 | 7 8 10 8 Most Carried 10 | 5 10 10 9 Average Carried 7 | 3 6 9 7 Final Capacity 10 | 8 10 10 8 Final Carried 10 | 5 10 10 7 Class Distribution -------------------- 100% | Mutant Dominant Class ---------------- Mutant | -10/Materials Mutant | -10/Mines Mutant | -9/Materials Resources | -11 -10 -10 -9 ----------- Run | Yrd Mat Min Mat Matter Collected 455 | 228 102 30 95 Remotely . | . . . . Salvage Created 553 | 25 235 162 131 Parts 30 | 4 10 5 11 Haulers Intercepted 1 | . 1 . . Recyclers Shooed . | . . . . Parts Field Recycled . | . . . . Retrieved Matter . | . . . . Parts Self-Destructed . | . . . . Prevented . | . . . . Kills | -11 -10 -10 -9 ------- Run | Yrd Mat Min Mat Combat Hostiles Destroyed 11 | . 4 4 3 Guns 9 | . 4 2 3 Classes Destroyed 7 | 1 3 1 2 Worker 1 | . . . 1 Tunneler 1 | 1 . . . Hauler 1 | . 1 . . Watcher 2 | . 1 . 1 Swarmer 3 | . . 1 2 Grunt 7 | . 4 3 . Sentry 1 | . . . 1 Best Kill Streak 3 | 1 2 2 3 Combat Bots Only 2 | . 2 2 2 Max Kills in Single Turn 2 | 1 1 1 2 Gunslinging 1 | . . . 1 Exploded . | . . . . Melee . | . . . . Uniques/NPCs Destroyed . | . . . . Combat | -11 -10 -10 -9 -------- Run | Yrd Mat Min Mat Hostile Shots Fired 42 | . 17 10 15 Missed 11 | . 4 4 3 Damage Taken 500 | . 198 101 201 Core 100 | . 48 15 37 Absorbed by Shields . | . . . . Regen/Repaired (Parts) 139 | . . . 139 Core Remaining (%) 87 | 100 . 74 . Volleys Fired 53 | 4 22 12 15 Largest 2 | 2 2 2 2 Hottest 115 | 100 100 115 115 Shots Fired 101 | 8 44 24 25 Gun 96 | 8 44 24 20 Cannon . | . . . . Launcher 5 | . . . 5 Special . | . . . . Kinetic 2 | . . . 2 Thermal 94 | 8 44 24 18 Explosive 5 | . . . 5 Electromagnetic . | . . . . Robot Hit Streak 10 | 2 10 10 10 Robot Miss Streak 3 | 1 1 3 2 Penetration Max . | . . . . Secondary Targets 1 | . . . 1 Max Gunslinging Chain 1 | . . . 1 Shots Hit Robots 65 | 5 31 16 13 Core Hits 24 | 1 12 5 6 Critical Kills . | . . . . Critical Parts Destroyed . | . . . . Critical Strikes 9 | . 5 3 1 Burn 9 | . 5 3 1 Melee Attacks . | . . . . Impact . | . . . . Slashing . | . . . . Piercing . | . . . . Sneak Attacks . | . . . . Combat Hostiles . | . . . . Follow-up Attacks . | . . . . Damage Inflicted 893 | 64 400 220 209 Guns 873 | 64 400 220 189 Cannons . | . . . . Explosions 20 | . . . 20 Melee . | . . . . Ramming . | . . . . Kinetic 11 | . . . 11 Thermal 862 | 64 400 220 178 Explosive 20 | . . . 20 Electromagnetic . | . . . . Impact . | . . . . Slashing . | . . . . Piercing . | . . . . Highest Corruption . | . . . . Average Corruption . | . . . . Corruption Purged . | . . . . Corruption Blocked . | . . . . Overload Shots . | . . . . Overflow Damage . | . . . . Projectiles . | . . . . Explosions . | . . . . Melee . | . . . . Knockbacks . | . . . . Impact . | . . . . Kinetic . | . . . . Secondary . | . . . . Self-Inflicted Damage 48 | . . . 48 Shots 2 | . . . 2 Rammed . | . . . . Targets Rammed . | . . . . Kicked . | . . . . Crushed . | . . . . Highest Temperature 424 | 117 261 424 177 Average Temperature 104 | 49 97 159 61 Received Heat Transfer 204 | . 90 78 36 Effects 3 | . . 3 . Shutdowns 1 | . . 1 . Interference 1 | . . 1 . Damage (minor) 1 | . . 1 . Siege Activations . | . . . . Robots Corrupted . | . . . . Combat Hostiles . | . . . . Parts Fried . | . . . . Impact Corruptions . | . . . . Robots Melted 2 | . . 2 . Combat Hostiles 2 | . . 2 . Parts Melted 5 | . 3 2 . Heat Transferred 3071 | 185 1517 814 555 Parts Sabotaged . | . . . . Parts Stolen . | . . . . Parts Stripped . | . . . . Power Chain Reactions . | . . . . Alert | -11 -10 -10 -9 ------- Run | Yrd Mat Min Mat Peak Influence 414 | 5 177 100 414 Initial 19 | . 3 2 19 Average 91 | 1 73 55 200 Maximum Alert Level 2 | . . . 2 Low Security (%) 91 | 100 100 100 64 Level 1 8 | . . . 35 Level 2 . | . . . . Level 3 . | . . . . Level 4 . | . . . . Level 5 . | . . . . High Security . | . . . . Max Security . | . . . . Squads Dispatched . | . . . . Investigation . | . . . . Extermination . | . . . . Reinforcement . | . . . . Assault . | . . . . Garrison . | . . . . Intercept . | . . . . Searches Triggered . | . . . . Construction Impeded . | . . . . Haulers Reinforced . | . . . . Active Scanning Responses . | . . . . Cargo Convoy Interrupts . | . . . . Stealth | -11 -10 -10 -9 --------- Run | Yrd Mat Min Mat Distress Signals 1 | . . . 1 Communications Jammed . | . . . . Distress Signals . | . . . . Times Spotted 29 | . 7 7 15 Peak Tracking Total 6 | . 3 3 6 Tactical Retreats 3 | . 1 . 2 Traps | -11 -10 -10 -9 ------- Run | Yrd Mat Min Mat Traps Triggered 1 | . 1 . . Indirectly . | . . . . Trap Hack Attempts . | . . . . Triggered . | . . . . Disarmed . | . . . . Reprogrammed . | . . . . Reused . | . . . . Traps Extracted . | . . . . Installed . | . . . . Triggered . | . . . . Objects Rigged 2 | . 2 . . Machines | -11 -10 -10 -9 ---------- Run | Yrd Mat Min Mat Machines Disabled 2 | . . . 2 Max in Single Turn 2 | . . . 2 Machines Repaired . | . . . . Machines Dismantled . | . . . . Machines Sabotaged . | . . . . Overloaded Fab Kills . | . . . . Hacking | -11 -10 -10 -9 --------- Run | Yrd Mat Min Mat Machines Accessed 10 | . 4 . 6 Terminals 8 | . 4 . 4 Fabricators . | . . . . Repair Stations 2 | . . . 2 Recycling Units . | . . . . Scanalyzers . | . . . . Garrison Access . | . . . . Total Hacks 36 | . 15 . 21 Successful 26 | . 10 . 16 Failed 10 | . 5 . 5 Catastrophic 1 | . . . 1 Database Lockouts . | . . . . Manual 23 | . 10 . 13 Terminals 30 | . 15 . 15 Fabricators . | . . . . Repair Stations 6 | . . . 6 Recycling Units . | . . . . Scanalyzers . | . . . . Garrison Access . | . . . . Terminal Hacks 14 | . 7 . 7 Part Schematic 2 | . . . 2 Robot Analysis 2 | . 2 . . Prototype ID Bank 1 | . . . 1 Branch Access Points 1 | . 1 . . Terminal Index 2 | . 1 . 1 Alert Level 1 | . . . 1 Locate Traps 1 | . 1 . . Registered Components 1 | . 1 . . Zone Layout 3 | . 1 . 2 Fabricator Hacks . | . . . . Repair Station Hacks 6 | . . . 6 Scan Component 3 | . . . 3 Repair 3 | . . . 3 Recycling Unit Hacks . | . . . . Scanalyzer . | . . . . Garrison Access Hacks . | . . . . Unauthorized Hacks 6 | . 3 . 3 Terminals 6 | . 3 . 3 Assimilate 1 | . . . 1 Botnet 3 | . 2 . 1 Detonate 1 | . 1 . . Operators 1 | . . . 1 Fabricators . | . . . . Repair Stations . | . . . . Recycling Units . | . . . . Scanalyzers . | . . . . Garrison Access . | . . . . Data Cores Recovered . | . . . . Used . | . . . . Hacking Detections 8 | . 3 . 5 Full Trace Events 1 | . . . 1 Feedback Events . | . . . . Feedback Blocked . | . . . . Robot Schematics Acquired . | . . . . Robots Built . | . . . . Authchips . | . . . . Time . | . . . . Total Robot Build Rating . | . . . . Part Schematics Acquired 2 | . . . 2 Parts Built . | . . . . Authchips . | . . . . Time . | . . . . Total Part Build Rating . | . . . . Parts Repaired 3 | . . . 3 Time 84 | . . . 84 Parts Recycled . | . . . . Recycled Matter . | . . . . Retrieved Matter . | . . . . Retrieved Components . | . . . . Parts Scanalyzed . | . . . . Part Schematics Acquired . | . . . . Parts Damaged . | . . . . Bothacking | -11 -10 -10 -9 ------------ Run | Yrd Mat Min Mat Used RIF Installer . | . . . . Robots Hacked . | . . . . Non-combat . | . . . . Combat . | . . . . Robot Hacks Applied . | . . . . Relay Couplers Released . | . . . . Fabnet Peak Effective % . | . . . . Robots Rewired . | . . . . Allies Hacked . | . . . . Hacks Repelled . | . . . . Allies | -11 -10 -10 -9 -------- Run | Yrd Mat Min Mat Total Allies 5 | . . 4 1 Largest Group 3 | . . 3 2 Highest-Rated Group 41 | . . 40 41 Highest-Rated Ally 31 | . . 31 31 Total Orders 2 | . . . 2 STAY 1 | . . . 1 FOLLOW 1 | . . . 1 Ally Attacks 41 | . . 20 21 Total Damage 496 | . . 178 318 Kills 9 | . . 3 6 Allies Corrupted . | . . . . Allies Melted . | . . . . Intel | -11 -10 -10 -9 ------- Run | Yrd Mat Min Mat Robot Analysis Total 2 | . 2 . . Derelict Logs Recovered 1 | . . 1 . Drone Launches . | . . . . Drone Recoveries . | . . . . Exploration | -11 -10 -10 -9 ------------- Run | Yrd Mat Min Mat Turns Passed 1429 | 113 483 494 339 Spaces Moved 1056 | 55 282 370 349 Core 7 | 7 . . . Treads 142 | 48 94 . . Legs . | . . . . Wheels 2 | . 2 . . Hover 905 | . 186 370 349 Flight . | . . . . Fastest Speed 50 | 50 100 116 52 Average Speed 101 | 146 130 116 56 Slowest Speed 160 | 160 160 116 120 Overloaded Moves . | . . . . Propulsion Burnouts . | . . . . Robots Hopped . | . . . . Cave-ins Triggered . | . . . . Exploration Rate (%) 39 | 4 40 90 25 Regions Visited 3 Branch Regions 1 Pre-discovered Areas . | . . . . Known Exits Taken 1 | . 1 . . Unknown Exits Taken 2 | 1 . 1 . Scrap Searched 3 | . . 3 . Spaces Dug 14 | . . . 14 Terrain Destroyed 44 | . . . 44 Melee . | . . . . Projectile . | . . . . AOE 44 | . . . 44 Terrain Rammed . | . . . . Walls Destroyed . | . . . . Machines Disabled . | . . . . Actions | -11 -10 -10 -9 --------- Run | Yrd Mat Min Mat Total 1306 | 76 353 411 466 Wait 142 | 6 34 21 81 Move 1053 | 54 281 369 349 Hop . | . . . . Pick Up 16 | 5 5 2 4 Fast Attach 16 | 7 3 2 4 Attach 7 | . 2 . 5 Detach 4 | . 2 . 2 Swap 3 | . 1 1 1 Drop 12 | . 3 4 5 Fire 53 | 4 22 12 15 Melee . | . . . . Ram . | . . . . Kick . | . . . . Crush . | . . . . Escape Stasis . | . . . . Rewire . | . . . . Trap . | . . . . Miscellaneous . | . . . . Route ------- -11/Scrapyard -10/Materials (discovered 2 exits: *Mat / *Min) -10/Mines (discovered 2 exits: *Mat x2) -9/Materials (discovered 1 exit: [*Mat]) History --------- Turn | Location | Event 12 | -11/Scrapyard | Discovered new exit (range 16) 114 | -11/Scrapyard | Entered Materials 325 | -10/Materials | Build established: Mutant 397 | -10/Materials | Discovered new exit (range 16) 433 | -10/Materials | Identified exit to Mines 597 | -10/Materials | Entered Mines 698 | -10/Mines | Assisted by bots powering up and referring to "LRC-V3" 699 | -10/Mines | Learned 4 Materials zone layouts 749 | -10/Mines | Discovered new exit (range 4) 829 | -10/Mines | Lost 3 allies 992 | -10/Mines | Received a Rocket Launcher from a helpful Derelict 1079 | -10/Mines | Discovered new exit (range 10) 1082 | -10/Mines | Received a Mining Laser from a helpful Derelict 1091 | -10/Mines | Entered Materials 1091 | -9/Materials | Accompanied by 1 ally 1091 | -9/Materials | Evolved 2 slots: Propulsion x1, Utility x1 1177 | -9/Materials | Repaired Hover Unit 1324 | -9/Materials | Repaired Med. Laser 1358 | -9/Materials | Repaired Particle Gun? 1382 | -9/Materials | Discovered new exit (range 9) 1430 | -9/Materials | Self-destructed Last Messages --------------- 01385_ Technician 2a reveals location of Explosive Trap. 01395_ Dropped Assault Rifle. 01396_ Acquired Lgt. Cannon. 01412_ Dropped Imp. Heat Sink. 01412_ Acquired Cooling System. 01427_ Connecting with Terminal... >>Prototypes Downloading prototype IDs... Hvy. Ion Engine Adv. EMP Blaster >>Alert(Check) Current Alert Level: 1-Z >>Layout(Zone) Retrieving Zone 5C layout... Downloaded map data. 01428_ Terminal disabled. 01428_ Atomic Centrifuge disabled. 01429_ Technician 2a reports 0b10 security level has risen to 2. Map ----- +----------------------------------------------------+ | T ##??????????????????????????????????????? | | ##??????????????????????????????????????? | | +### ##???????????????????????############???? | | ## ###????##########?????????# #= [ #???? | | ## ###????# ########### < # #???? | | ## #??????# """ ## # # """ #???? | | ## ######## """ ! + +^""" #???? | | ## # """ # # """ #???? | | !## + ######## # #???? | | ## # """ # # ########???? | | ########+#+## """ """"" # #??????????? | | #??# """ # """ ##""""" # #??????????? | | ####??# "T" # ! ##""""" # #??????????? | | ??????# = ###########""""" + #??????????? | | ??????# #?????????#""""" = # #??????????? | | ??????# #?????????#""""" # #??????????? | | ??????# """ #?????????#""""" # #??????????? | | ??????# """ #????????## # #??????????? | | ??????# """ #??????### ######## #??????????? | | ??????# #??????# # #??????????? | | ??????##########?????## + #??????????? | | ?????????????????????# ! # #??????????? | | ?????????????????????# ! # #??????????? | | ?????????????????????# ###### #??????????? | | ????????????????????## ####### #??????????? | | ????????????????????# @ # #??????????? | | ????????????????????# """ # #??????????? | | ????????????????????# o""" + #??????????? | | ????????###?######### "" # #??????????? | | ???????? #?# ## [ # #??????????? | | ???????? #?#""" ################ ########???? | | ???????? #?#"T # # #???? | | ???????? #?#""" # # """ #???? | | ???????? #?# # # """ #???? | | ???????? #?# # ####### o """ #???? | | ????????#######+#### # ## # #???? | | ???????? # ## # #???? | | ???????? # " ## #??????????? | | ???????? # T ## #??????????? | | ????????####### ###+####### " ## #??????????? | | ???????? #???# # #?# ## #??????????? | | ???????? #???# # #####+### +??????????? | | ?????????????????????????????????????????????????? | | ?????????????????????????????????????????????????? | | ?????????????????????????????????????????????????? | | ?????????????????????????????????????????????????? | | ?????????????????????????????????????????????????? | | ?????????????????????????????????????????????????? | | ?????????????????????????????????????????????????? | | ?????????????????????????????????????????????????? | +----------------------------------------------------+ Best States ------------- Heat Dissipation 28 Energy Generation 10 Energy Capacity 250 Matter Stores 300 Matter Capacity 300 Sight Range 16 Terrain Scan Density 10 Additional Mass Support 6 Evasion (%) 54 Recoil Reduction 2 Item Schematics ----------------- Med. Storage Unit | -9/Materials | Hacked Lrg. Storage Unit | -9/Materials | Hacked Robot Schematics ------------------ None Fabricated ------------ Nothing Alien Tech Used ----------------- None Achievements -------------- None Challenges ------------ None Game ------ Seed IntegrityPointyNanovents Manual? 0 Play Time 00:20:57 Cumulative 119.5 hours Start 2024.05.20 @ 19:56:12 End 2024.05.20 @ 20:38:58 Sessions 2 Manual Loads 0 Difficulty Rogue Special Mode None Game No. 99 Rogue 60 Adventurer 32 Explorer 7 Win Type - Total 0 Types 0/0/0/0/0/0/0/0/0 Lore% 29 Gallery% 63 Achievement% 47 Wizard Run 0 Options --------- Layout 2 ASCII 0 Keyboard 0 Movement Numpad Keybinds 0 Fullscreen 2 Font 24/Smallcaps Map View 50x44 Zoom Use 0% Tactical HUD 1 Map Filters NONE Filters NONE Steam SD RUN: de9453fc-27bc-4286-b832-60188a311703